 Dungeon Crawl Stone Soup version 0.30-a0-6-g7c9e10e132 (webtiles) character file.

Game seed: 12708394602507961931

6849 NinjaNoafa the Arsonist (level 10, -1/77 HPs)
             Began as a Pale Draconian Fire Elementalist on Aug 22, 2022.
             Was a Believer of Vehumet.
             Slain by a nine-headed hydra (3 damage)
             ... on level 2 of the Lair of Beasts.
             The game lasted 00:42:27 (21718 turns).

NinjaNoafa the Arsonist (DrFE)                     Turns: 21718, Time: 00:42:28

Health: -1/77      AC: 13    Str: 12    XL:     10   Next: 78%
Magic:  0/29       EV: 14    Int: 20    God:    Vehumet [**....]
Gold:   291        SH:  0    Dex: 18    Spells: 13/23 levels left

rFire   + + .      SeeInvis +    A - +10 long sword of Wityokk {vorpal, Will+}
rCold   . . .      Faith    .    (no shield)
rNeg    . . .      Spirit   +    (body armour unavailable)
rPois   .          Reflect  .    d - +3 hat "Jeufauth" {rF+ rCorr Str+2 SInv}
rElec   .          Harm     .    (no cloak)
rCorr   +          Rampage  .    K - +1 pair of gloves
Will    +....                    t - +0 pair of boots
Stlth   ++........               E - amulet of guardian spirit
HPRegen 0.22/turn                D - ring of magical power
MPRegen 0.21/turn                z - +6 ring of dexterity

@: about to teleport
A: breathe steam, AC +7, unfitting armour, cold-blooded, steam resistance, fire
resistance 1, wild magic 1
a: Breathe Steam, Renounce Religion


You were on level 2 of the Lair of Beasts.
You worshipped Vehumet.
Vehumet was pleased with you.
You visited 4 branches of the dungeon, and saw 14 of its levels.
You also visited: Sewer and Ossuary.

You collected 786 gold pieces.
You spent 495 gold pieces at shops.

Inventory:

Hand Weapons
 A - the +10 long sword of Wityokk (weapon) {vorpal, Will+}
   (You bought it in a shop on level 4 of the Dungeon)

   It inflicts extra damage upon your enemies.
   Will:      It increases your willpower.
Missiles
 b - a silver boomerang
 c - 6 atropa-tipped darts
 f - 14 boomerangs
 h - 82 stones
 k - 5 curare-tipped darts
 r - 36 poisoned darts
 B - 2 throwing nets
 F - 12 boomerangs of dispersal
 P - 6 javelins
Armour
 d - the +3 hat "Jeufauth" (worn) {rF+ rCorr Str+2 SInv}
   (You acquired it on level 10 of the Dungeon)

   Str:       It affects your strength (+2).
   rF:        It protects you from fire.
   SInv:      It lets you see invisible.
   rCorr:     It protects you from acid and corrosion.
 t - a +0 pair of boots (worn)
 K - a +1 pair of gloves (worn)
Magical Staves
 g - a staff of conjuration
Jewellery
 z - a +6 ring of dexterity (right hand)
 D - a ring of magical power (left hand)
 E - an amulet of guardian spirit (around neck)
 J - a ring of positive energy
 L - a ring of positive energy
 O - a ring of poison resistance
Wands
 e - a wand of charming (7)
 o - a wand of flame (23)
Scrolls
 i - 5 scrolls of fear {unknown}
 l - 2 scrolls of enchant armour {unknown}
 m - 6 scrolls of teleportation
 s - a scroll of silence {unknown}
 w - 3 scrolls of magic mapping
 y - a scroll of vulnerability
 C - 2 scrolls of poison
 H - a scroll of immolation {unknown}
Potions
 a - 2 potions of magic
 j - a potion of invisibility {unknown}
 n - 10 potions of curing
 p - a potion of cancellation
 q - 4 potions of might
 u - 3 potions of attraction
 v - 3 potions of flight
 x - a potion of haste
 G - a potion of brilliance {unknown}
 M - 2 potions of heal wounds
 N - a potion of berserk rage {unknown}


   Skills:
 - Level 3.0 Fighting
 + Level 3.8 Long Blades
 - Level 5.0 Dodging
 + Level 2.9 Stealth
 - Level 0.3 Unarmed Combat
 - Level 7.0 Spellcasting
 - Level 7.0 Conjurations
 - Level 5.0 Hexes
 - Level 9.0 Fire Magic
 - Level 2.0 Air Magic
 - Level 5.0 Evocations


You had 13 spell levels left.
You knew the following spells:

 Your Spells              Type           Power      Damage    Failure   Level
a - Foxfire               Conj/Fire      100%       2x1d9     1%          1
b - Scorch                Fire           100%       2d10      1%          2
c - Conjure Flame         Conj/Fire      50%        6-21      2%          3
d - Inner Flame           Hex/Fire       45%        N/A       3%          3
e - Shock                 Conj/Air       100%       1d9       3%          1

Your spell library contained the following spells:

 Spells                   Type           Power      Damage    Failure   Level
 Dazzling Flash           Conj/Hex       80%        N/A       4%          3
 Flame Wave               Conj/Fire      50%        2d12      6%          4
 Beastly Appendage        Tmut           18%        N/A       14%         1
 Fireball                 Conj/Fire      25%        3d11      14%         5
 Blink                    Tloc           18%        N/A       21%         2
 Wereblood                Tmut           9%         N/A       21%         2
 Spider Form              Tmut/Pois      9%         N/A       36%         3
 Starburst                Conj/Fire      25%        6d8       56%         6
 Silence                  Hex/Air        13%        N/A       61%         5
 Agony                    Necr           9%         N/A       97%         5
 Manifold Assault         Tloc           9%         N/A       97%         5
 Malign Gateway           Summ/Tloc      4%         N/A       100%        7
 Storm Form               Tmut/Air       7%         N/A       100%        7
 Ignition                 Fire           27%        3d9       100%        8
 Summon Horrible Things   Summ           4%         N/A       100%        8


Dungeon Overview and Level Annotations

Branches:
Dungeon (10/15)            Temple (1/1) D:6            Lair (2/5) D:10
    Orc (1/2) D:10          Sewer (visited)         Ossuary (visited)
  Swamp: Lair:2-3    Shoals: Lair:2-3     Snake: Lair:2-3    Spider: Lair:2-3

Altars:
Ashenzari
Cheibriados
Dithmenos
Elyvilon
Fedhas
Gozag
Hepliaklqana
Kikubaaqudgha
Makhleb
Nemelex Xobeh
Okawaru
Qazlal
Ru
Sif Muna
Trog
Uskayaw
Vehumet
Wu Jian
Xom
Yredelemnul
Zin
The Shining One

Shops:
D:2 =   D:3 :   D:4 (   D:5 !   D:8 [

Annotations:
D:9 3 runed translucent doors, drugrobin's ghost, novice DgDe
D:10 3 runed translucent doors, RevDB's ghost, journeyman DrCj


Innate Abilities, Weirdness & Mutations

You can breathe blasts of scalding, opaque steam.
Your pale cyan-grey scales are hard. (AC +7)
You cannot fit into any form of body armour.
You are cold-blooded and may be slowed by cold attacks.
You are immune to the effects of steam.
Your flesh is heat resistant. (rF+)
Your spells are a little harder to cast, but a little more powerful.


Message History

The eight-headed hydra bites you!
The eight-headed hydra bites you but does no damage. x2
The eight-headed hydra bites you.
The eight-headed hydra bites you but does no damage.
The eight-headed hydra barely misses you.
As you read the scroll of teleportation, it crumbles to dust.
You feel strangely unstable.
The blink frog gives a loud, deep croak!
The blink frog croaks.
A nearby plant withers and dies.
The blink frog blinks!
The eight-headed hydra bites you!
The eight-headed hydra bites you but does no damage.
The eight-headed hydra closely misses you.
The eight-headed hydra bites you but does no damage.
The eight-headed hydra bites you.
The eight-headed hydra barely misses you.
The eight-headed hydra bites you. x2
The blink frog croaks.
You chop one of the eight-headed hydra's heads off!
The seven-headed hydra grows two more!
You slash the nine-headed hydra!
The nine-headed hydra is moderately wounded.
You hear an angry hiss.
The five-headed hydra barely misses you.
The five-headed hydra bites you but does no damage. x2
The five-headed hydra bites you.
The five-headed hydra bites you but does no damage.
The blink frog blinks!
The nine-headed hydra bites you but does no damage.
The nine-headed hydra bites you! x2
* * * LOW HITPOINT WARNING * * *
The nine-headed hydra bites you.
* * * LOW HITPOINT WARNING * * *
The nine-headed hydra misses you. The nine-headed hydra bites you!
* * * LOW HITPOINT WARNING * * *
The nine-headed hydra bites you but does no damage.
The nine-headed hydra bites you!
* * * LOW HITPOINT WARNING * * *
The nine-headed hydra bites you but does no damage.
The nine-headed hydra bites you.
You die...

...#.#....# #.#..#.#,,,,,,,,,,,,
..........# #..#...,,,**,,,,,***
..#.....### #....#*,*****,+****,
....#..### ###....###,* **,,,*,**
.......#.###.#......#.#**,,,,,**
......................*,,⌠,>,⌠*
....P..####.##....##.,,.*,,,,,*
....P..# ###..D..##....**,⌠,***
...#...#***#.P..@....P..,*,**,,**
#####...*#.....D....F..§,,,,,,,,*
* #...*##............§,,,,,,,**
*#...* #........F....,,,,,,,*,
*...***#<............,,,,,,,,,
**,,**#..............,,,,,,,,,
*,,,,............<..,,,,,,,,,
*,,,,...............,,,,,,,,,
*,,,,,,,,,,,,,,,,,,,,,,,,,,,,


You could see a nine-headed hydra, a five-headed hydra and 2 blink frogs.

Vanquished Creatures
  2 two-headed ogres
  A hornet (D:8)
  A shadow (D:10)
  A wraith (D:9)
  8 yaks (D:10)
  2 wyverns (D:9)
  2 steam dragons (D:7)
  3 vampire mosquitoes (D:10)
  Menkaure (D:7)
  An acid dragon (D:10)
  Duvessa (D:6)
  A water moccasin (D:7)
  A sky beast (D:7)
  An orc warrior (D:10)
  A black bear (D:6)
  2 centaurs
  A phantom (D:7)
  3 kobold brigands
  6 bullfrogs
  A gnoll sergeant (D:8)
  2 necrophages
  3 scorpions
  Dowan (D:6)
  3 killer bees (D:10)
  2 howler monkeys
  3 hounds
  A jelly (D:6)
  4 orc priests
  3 iguanas
  9 orc wizards
  8 mummies (Ossuary)
  Robin (D:2)
  7 gnolls
  6 adders
  A river rat (Sewer)
  2 shadow imps (D:7)
  2 white imps (D:6)
  An ufetubus (D:5)
  5 worms
  26 orcs
  4 bats
  11 endoplasms
  4 giant cockroaches
  A gnoll zombie (Ossuary)
  10 hobgoblins
  4 jackals (D:4)
  33 kobolds
  2 quokkas
  9 ball pythons
  2 frilled lizards
  12 goblins
  2 hobgoblin zombies (Ossuary)
  4 kobold zombies (Ossuary)
  An orc zombie (Ossuary)
  4 rats
233 creatures vanquished.

Vanquished Creatures (others)
  A steam dragon (D:9)
  417 foxfires
  A plant (Lair:2)
  4 toadstools (D:1)
423 creatures vanquished.

Grand Total: 656 creatures vanquished

Notes
Turn   | Place    | Note
-------+----------+-------------------------------------------
     0 | D:1      | NinjaNoafa the Draconian Fire Elementalist began the quest
                  | for the Orb.
     0 | D:1      | Reached XP level 1. HP: 14/14 MP: 3/3
   314 | D:1      | Reached XP level 2. HP: 20/20 MP: 0/5
  1140 | D:2      | Noticed Robin
  1143 | D:2      | Reached XP level 3. HP: 26/26 MP: 1/6
  1148 | D:2      | Learned a level 2 spell: Scorch
  1187 | D:2      | Killed Robin
  1291 | D:2      | Reached skill level 4 in Fire Magic
  1617 | D:2      | Reached XP level 4. HP: 33/33 MP: 4/7
  2290 | D:2      | Found a faded altar of an unknown god.
  2376 | D:2      | Found Retoso's Jewellery Shoppe.
 10997 | D:2      | Glimpsed the power of Zot.
 11497 | D:2      | Glimpsed the power of Zot.
 11514 | D:3      | Found Xyawor's Book Boutique.
 11620 | D:3      | Found an ancient bone altar of Kikubaaqudgha.
 11725 | D:3      | Reached XP level 5. HP: 38/38 MP: 5/8
 11796 | D:3      | Found a glowing drain.
 11821 | Sewer    | Entered a sewer
 11864 | Sewer    | Reached skill level 5 in Fire Magic
 13108 | D:4      | Found Biheg's Antique Weapon Emporium.
 13119 | D:4      | Bought a polished long sword for 195 gold pieces
 13119 | D:4      | Identified the +10 long sword of Wityokk {vorpal, Will+}
                  | (You bought it in a shop on level 4 of the Dungeon)
 13160 | D:4      | Found an iron altar of Okawaru.
 13230 | D:4      | Reached skill level 6 in Fire Magic
 13235 | D:4      | Reached XP level 6. HP: 41/45 MP: 9/9
 13249 | D:4      | Noticed an acid dragon
 13727 | D:5      | Entered Level 5 of the Dungeon
 14177 | D:5      | Found Toamulot's Distillery.
 14184 | D:5      | Bought a potion of mutation for 120 gold pieces
 14184 | D:5      | Gained mutation: You occasionally lose the ability to drink
                  | potions when taking damage. [potion of mutation]
 14184 | D:5      | Gained mutation: You are frail. (-10% HP) [potion of
                  | mutation]
 14184 | D:5      | Gained mutation: You possess an exceptional clarity of
                  | mind. [potion of mutation]
 14210 | D:5      | Found a hide-covered altar of Uskayaw.
 14697 | D:6      | Your scales start taking on a pale cyan-grey colour.
 14697 | D:6      | Reached XP level 7. HP: 45/45 MP: 12/12
 14697 | D:6      | Gained mutation: You are immune to the effects of steam.
                  | [Pale Draconian growth]
 14758 | D:6      | Found a sacrificial altar of Ru.
 14788 | D:6      | Reached skill level 1 in Evocations
 14897 | D:6      | Found a white marble altar of Elyvilon.
 14913 | D:6      | Lost mutation: You are frail. (-10% HP) [potion of
                  | mutation]
 14913 | D:6      | Lost mutation: You possess an exceptional clarity of mind.
                  | [potion of mutation]
 14913 | D:6      | Lost mutation: You occasionally lose the ability to drink
                  | potions when taking damage. [potion of mutation]
 14913 | D:6      | Gained mutation: Your flesh is heat resistant. (rF+)
                  | [potion of mutation]
 14913 | D:6      | Gained mutation: Your system is resistant to poisons.
                  | (rPois) [potion of mutation]
 14913 | D:6      | Gained mutation: Your tail ends in a venomous barb. [potion
                  | of mutation]
 14920 | D:6      | Reached skill level 7 in Fire Magic
 15182 | D:6      | Found a sparkling altar of Nemelex Xobeh.
 15303 | D:6      | Found a staircase to the Ecumenical Temple.
 15313 | Temple   | Entered the Ecumenical Temple
 15437 | Temple   | Became a worshipper of Vehumet
 15475 | D:6      | Found a broken altar of Ashenzari.
 15657 | D:6      | Noticed Dowan
 15659 | D:6      | Killed Dowan
 15659 | D:6      | Noticed Duvessa
 15676 | D:6      | Killed Duvessa
 15677 | D:6      | Reached skill level 5 in Evocations
 15677 | D:6      | Reached skill level 1 in Fighting
 15677 | D:6      | Reached skill level 1 in Long Blades
 15677 | D:6      | Reached XP level 8. HP: 8/59 MP: 1/14
 16460 | D:7      | Learned a level 3 spell: Conjure Flame
 16483 | D:7      | Reached skill level 1 in Hexes
 16862 | D:7      | Found a shadowy altar of Dithmenos.
 16892 | D:7      | Reached skill level 5 in Conjurations
 17028 | D:7      | Learned a level 3 spell: Inner Flame
 17075 | D:7      | Noticed Menkaure
 17088 | D:7      | Killed Menkaure
 17089 | D:7      | Reached XP level 9. HP: 55/67 MP: 10/15
 17389 | D:7      | Found a hazy altar of Hepliaklqana.
 17756 | D:8      | Reached skill level 5 in Dodging
 17759 | D:8      | Reached * piety under Vehumet
 17759 | D:8      | Offered knowledge of Freeze by Vehumet.
 17830 | D:8      | Found a sand-covered staircase.
 17835 | Ossuary  | Entered an ossuary
 18234 | Ossuary  | Lost mutation: Your tail ends in a venomous barb. [potion
                  | of mutation]
 18234 | Ossuary  | Lost mutation: Your system is resistant to poisons. (rPois)
                  | [potion of mutation]
 18234 | Ossuary  | Gained mutation: Your spells are a little harder to cast,
                  | but a little more powerful. [potion of mutation]
 18235 | Ossuary  | Lost mutation: Your spells are a little harder to cast, but
                  | a little more powerful. [potion of mutation]
 18235 | Ossuary  | Lost mutation: Your flesh is heat resistant. (rF+) [potion
                  | of mutation]
 18235 | Ossuary  | Gained mutation: You passively dampen the noise of your
                  | surroundings. [potion of mutation]
 18235 | Ossuary  | Gained mutation: Your flesh is cold resistant. (rC+)
                  | [potion of mutation]
 18237 | Ossuary  | Lost mutation: Your flesh is cold resistant. (rC+) [potion
                  | of mutation]
 18237 | Ossuary  | Lost mutation: You passively dampen the noise of your
                  | surroundings. [potion of mutation]
 18237 | Ossuary  | Gained mutation: You are frail. (-10% HP) [potion of
                  | mutation]
 18237 | Ossuary  | Gained mutation: You are resistant to electric shocks.
                  | (rElec) [potion of mutation]
 18238 | Ossuary  | Lost mutation: You are frail. (-10% HP) [potion of
                  | mutation]
 18238 | Ossuary  | Lost mutation: You are resistant to electric shocks.
                  | (rElec) [potion of mutation]
 18238 | Ossuary  | Gained mutation: Your spells are a little harder to cast,
                  | but a little more powerful. [potion of mutation]
 18238 | Ossuary  | Gained mutation: Your flesh is heat resistant. (rF+)
                  | [potion of mutation]
 18741 | D:8      | Paralysed by a hornet for 1 turns
 18907 | D:8      | Found Vyvenouh's Antique Armour Emporium.
 18966 | D:8      | Bought a pair of embroidered gloves for 180 gold pieces
 19142 | D:9      | Reached ** piety under Vehumet
 19354 | D:9      | Offered knowledge of Shock by Vehumet.
 19370 | D:9      | Learned a level 1 spell: Shock
 19469 | D:9      | Noticed a two-headed ogre
 19477 | D:9      | Killed a two-headed ogre
 19478 | D:9      | Reached skill level 5 in Spellcasting
 19478 | D:9      | Reached skill level 8 in Fire Magic
 19733 | D:9      | Noticed an efreet
 19737 | D:9      | Found a runed translucent gate.
 19737 | D:9      | Found a runed translucent gate.
 19739 | D:9      | Found a runed translucent gate.
 19741 | D:9      | Noticed a death knight
 19745 | D:9      | Noticed drugrobin's ghost (novice DgDe)
 19747 | D:9      | Noticed a wolf spider
 19949 | D:9      | Reached XP level 10. HP: 47/73 MP: 4/18
 20277 | D:10     | Entered Level 10 of the Dungeon
 20426 | D:10     | Reached skill level 5 in Hexes
 20619 | D:10     | Found a staircase to the Orcish Mines.
 20624 | D:10     | Found a staircase to the Lair.
 20638 | D:10     | Identified a scroll of acquirement
 20971 | D:10     | Noticed a two-headed ogre
 20975 | D:10     | Killed a two-headed ogre
 20976 | D:10     | Reached skill level 9 in Fire Magic
 20984 | D:10     | Reached skill level 1 in Air Magic
 21030 | D:10     | Acquired the +3 hat "Jeufauth" {rF+ rCorr Str+2 SInv}
 21523 | D:10     | Found a runed translucent gate.
 21523 | D:10     | Found a runed translucent gate.
 21523 | D:10     | Found an opulent altar of Gozag.
 21524 | D:10     | Found a runed translucent gate.
 21524 | D:10     | Noticed a manticore
 21525 | D:10     | Noticed an orc knight
 21526 | D:10     | Noticed RevDB's ghost (journeyman DrCj)
 21642 | Orc:1    | Entered Level 1 of the Orcish Mines
 21642 | Orc:1    | Noticed a cyclops
 21657 | Lair:1   | Entered Level 1 of the Lair of Beasts
 21674 | Lair:1   | You fall into a shaft and drop 1 floor!
 21677 | Lair:2   | Noticed a catoblepas
 21691 | Lair:2   | Noticed a five-headed hydra
 21712 | Lair:2   | Noticed an eight-headed hydra
 21718 | Lair:2   | HP: 2/77 [nine-headed hydra (7)]
 21718 | Lair:2   | Slain by a nine-headed hydra

Illustrated notes

Levels and vault maps discovered:
D:1:      spicycebolla_arrival_xxxplode, layout_loops_cross,
          minmay_gold_behind_fungi, kennysheep_crisscross
D:2:      layout_loops_corners, dreamdust_ecumenical_altar_angels_and_demons,
          serial_shops, shop, minmay_octomino_j4, uniq_robin
D:3:      layout_loops_ring, lemuel_round_altar, serial_shops, shop_fountains,
          cheibrodos_sewer_entry_sluice
D:4:      minmay_chambers_of_fours, layout_rooms, okawaru_gym_becter,
          serial_shops, nicolae_shop_stone, corexii_hall_statues_deadend,
          nicolae_figureground_sparkle
D:5:      layout_cave_pods, mainiacjoe_overflow_24_doors, serial_shops, shop
D:6:      layout_loops_ring, nicolae_ru_great_annihilating_truth,
          mainiacjoe_overflow_catch_the_wave, elyvilon_altar_5,
          minmay_temple_entry_proselytizer, kennysheep_small_circle,
          uniq_duvessa
D:7:      layout_rooms, nicolae_hepliaklqana_hippocampus, lemuel_crystal_altar,
          dk_rats_in_the_wall, uniq_menkaure
D:8:      layout_loops_cross, enter_ossuary_5, serial_shops,
          nicolae_shop_overgrown_old_shop, minmay_unpleasant_kobolds
D:9:      layout_irregular_city, gammafunk_ghost_split
D:10:     layout_rooms, lair_entry_dummy, ebering_ghost_gozag, enter_bailey_2,
          evilmike_minifort
Temple:   nicolae_temple_bog_church
Lair:1:   lemuel_ratsnest, layout_loops_ring, gauntlet_entry_generic,
          beast_lair_carwin_6
Lair:2:   layout_gridlike, hangedman_lair_generics_rect, grunt_megastairs_1
Orc:1:    layout_diamond_mine, serial_shops, nicolae_shop_bloodbath_and_beyond

Skill      XL: |  1  2  3  4  5  6  7  8  9 10 |
---------------+-------------------------------+-----
Conjurations   | 2 3 4 5 6 7 |  7.0
Fire Magic     | 4 6 7 8 9 |  9.0
Spellcasting   | 3 4 5 7 |  7.0
Evocations     | 5 |  5.0
Fighting       | 1 2 3 |  3.0
Long Blades    | 1 3 |  3.8
Hexes          | 3 4 5 |  5.0
Dodging        | 4 5 |  5.0
Air Magic      | 2 |  2.0
Stealth        | 2 |  2.9
Unarmed Combat | |  0.3

Action                   |  1- 3 |  4- 6 |  7- 9 | 10-12 || total
-------------------------+-------+-------+-------+-------++-------
Melee: Spear             |    14 |     4 |       |       ||    18
       Tailslap          |     2 |     5 |     6 |     6 ||    19
       Staff             |       |    13 |       |       ||    13
       Long sword        |       |    24 |    63 |    24 ||   111
       Unarmed           |       |       |     3 |       ||     3
Throw: Dart              |       |       |     4 |       ||     4
 Cast: Foxfire           |    57 |    87 |    93 |    17 ||   254
       Scorch            |     3 |    24 |    49 |     6 ||    82
       Inner Flame       |       |       |     8 |     9 ||    17
       Conjure Flame     |       |       |    14 |     7 ||    21
       Shock             |       |       |     3 |     4 ||     7
 Abil: Breathe Steam     |       |       |    12 |     4 ||    16
  Use: Potion            |     1 |     1 |    11 |     3 ||    16
       Scroll            |       |     9 |     4 |     6 ||    19
Armor: Skin              |    10 |    40 |    55 |    35 ||   140
Dodge: Dodged            |    22 |    67 |   120 |    68 ||   277

Table legend: (Time is in decaauts)
 A = Elapsed time spent in this place.
 B = Non-inter-level travel time spent in this place.
 C = Inter-level travel time spent in this place.
 D = Time resting spent in this place.
 E = Time spent auto-exploring this place.
 F = Levels seen in this place.
 G = Mean time per level.
                   A        B        C        D        E       F      G
               +--------+--------+--------+--------+--------+-----+--------+
         Total |  21825 |  21465 |    360 |   9050 |  10496 |  16 | 1364.1 |
       Dungeon |  20493 |  20161 |    332 |   9050 |   9473 |  10 | 2049.3 |
        Temple |    152 |    134 |     18 |      0 |    116 |   1 |  152.0 |
          Lair |     60 |     50 |     10 |      0 |     14 |   2 |   30.0 |
  Orcish Mines |      1 |      1 |      0 |      0 |      0 |   1 |    1.0 |
         Sewer |    657 |    657 |      0 |      0 |    527 |   1 |  657.0 |
       Ossuary |    458 |    458 |      0 |      0 |    366 |   1 |  458.0 |
               +--------+--------+--------+--------+--------+-----+--------+

Top non-repeatable levels by time:
     D:2: 10445 daAuts
     D:6: 1625 daAuts
    D:10: 1365 daAuts
     D:9: 1137 daAuts
     D:8: 1126 daAuts
     D:7: 1113 daAuts
     D:1: 1056 daAuts
     D:5: 967 daAuts
     D:3: 881 daAuts
     D:4: 773 daAuts
   Sewer: 657 daAuts
 Ossuary: 458 daAuts
  Temple: 152 daAuts
  Lair:2: 44 daAuts
  Lair:1: 16 daAuts
